 Dungeon Crawl Stone Soup version 0.30-a0-918-g0ff054e9dc (webtiles) character file.

Game seed: 13135756848043732514

8913 NotreDorf the Thaumaturge (level 11, -5/86 HPs)
             Began as a Mummy Summoner on Mar 20, 2023.
             Was an Initiate of Gozag.
             Slain by a komodo dragon (22 damage)
             ... on level 1 of the Lair of Beasts.
             The game lasted 01:11:29 (9921 turns).

NotreDorf the Thaumaturge (Mummy Summoner)          Turns: 9921, Time: 01:11:30

Health: -5/86      AC:  9    Str: 12    XL:     11   Next: 16%
Magic:  19/24      EV: 11    Int: 18    God:    Gozag
Gold:   276        SH:  0    Dex: 13    Spells: 10/29 levels left

rFire   . . .      SeeInvis .    c - +3 long sword
rCold   + . .      Faith    +    (no shield)
rNeg    + + +      Spirit   .    m - +2 leather armour {rF+}
rPois   ∞          Reflect  .    j - +0 helmet
rElec   .          Rampage  .    (no cloak)
rCorr   .                        (no gloves)
Will    ++...                    d - +2 pair of boots
Stlth   ++                       (no amulet)
HPRegen 0.34/turn                p - ring of willpower
MPRegen 0.19/turn                (no ring)

@: no status effects
A: cold resistance 1, negative energy resistance 3, torment resistance 2, heat
vulnerability 1, in touch with death 1, no potions, faith
a: Renounce Religion, Potion Petition, Call Merchant, Bribe Branch


You were on level 1 of the Lair of Beasts.
You worshipped Gozag.
Gozag was aware of your devotion.
You visited 3 branches of the dungeon, and saw 10 of its levels.
You also visited: Sewer.

You collected 1101 gold pieces.
You paid 825 gold pieces to Gozag.

Inventory:

Hand Weapons
 b - a +2 flail of protection
 c - a +3 long sword (weapon)
 q - a +0 trident
Armour
 d - a +2 pair of boots (worn)
 j - a +0 helmet (worn)
 m - a +2 leather armour of fire resistance (worn)
Jewellery
 o - a ring of flight
 p - a ring of willpower (left hand)
Wands
 i - a wand of iceblast (6)
 s - a wand of mindburst (11)
Scrolls
 a - 2 scrolls of noise {unknown}
 e - 4 scrolls of amnesia
 f - a scroll of acquirement {unknown}
 g - 2 scrolls of identify
 h - a scroll of summoning
 k - a scroll of enchant weapon {unknown}
 l - a scroll of teleportation
 n - a scroll of fog
 r - a scroll of enchant armour


   Skills:
 - Level 7.9 Fighting
 - Level 1.5 Dodging
 - Level 1.5 Stealth
 - Level 9.9 Spellcasting
 + Level 6.1 Hexes
 + Level 8.3 Summonings
 + Level 3.2 Translocations
 + Level 4.7 Air Magic


You had 10 spell levels left.
You knew the following spells:

 Your Spells              Type           Power      Damage    Failure   Level
a - Summon Small Mammal   Summ           100%       N/A       1%          1
b - Call Imp              Summ           39%        N/A       1%          2
c - Call Canine Familiar  Summ           39%        N/A       1%          3
d - Summon Guardian Gole  Hex/Summ       35%        N/A       1%          3
e - Blink                 Tloc           40%        N/A       4%          2
f - Summon Lightning Spi  Summ/Air       32%        N/A       7%          4
g - Anguish               Hex/Necr       15%        N/A       28%         4

Your spell library contained the following spells:

 Spells                   Type           Power      Damage    Failure   Level
 Ensorcelled Hibernation  Hex/Ice        40%        N/A       4%          2
 Manifold Assault         Tloc           20%        N/A       26%         4
 Spider Form              Tmut/Pois      Unusable   N/A       N/A         3
 Storm Form               Tmut/Air       Unusable   N/A       N/A         7

Dungeon Overview and Level Annotations

Branches:
Dungeon (8/15)             Temple (1/1) D:4            Lair (1/5) D:8
  Sewer (visited)

Altars:
Ashenzari
Cheibriados
Dithmenos
Gozag
Kikubaaqudgha
Makhleb
Nemelex Xobeh
Okawaru
Qazlal
Ru
Sif Muna
Wu Jian
Xom

Shops:
D:6 [

Annotations:
Lair:1 exclusion: oklob plant, Erica, Fannar


Innate Abilities, Weirdness & Mutations

You are immune to poison.
Your flesh is cold resistant. (rC+)
You are immune to negative energy. (rN+++)
You are immune to unholy pain and torment.
You are vulnerable to heat. (rF-)
You are in touch with the powers of death.
You do not drink.
You have a special connection with the divine. (Faith)


Message History

Your wolf closely misses the komodo dragon.
Your white imp hits the komodo dragon but does no damage.
Your wolf bites the komodo dragon.
Your white imp gestures at the komodo dragon.
The puff of frost hits the komodo dragon.
Your wolf bites the komodo dragon.
You hit the komodo dragon.
The komodo dragon is severely wounded.
Your wolf bites the komodo dragon but does no damage.
The komodo dragon closely misses your wolf.
Your white imp closely misses the komodo dragon.
Your wolf bites the komodo dragon.
The komodo dragon bites your wolf!
Your wolf dies!
Your wolf's corpse disappears in a puff of smoke!
The komodo dragon hisses angrily.
You slash the komodo dragon!
The komodo dragon is almost dead.
Your white imp hits the komodo dragon but does no damage.
The komodo dragon bites you!
You hit the komodo dragon but do no damage.
The komodo dragon is almost dead.
Your white imp hits the komodo dragon but does no damage.
The komodo dragon bites your white imp!!
Your white imp dies!
Your white imp disappears in a puff of smoke!
You barely miss the komodo dragon.
The komodo dragon is almost dead.
The komodo dragon closely misses you. The komodo dragon bites you!!
You barely miss the komodo dragon.
The komodo dragon is almost dead.
The komodo dragon bites you!!
Casting: Call Imp (safe; 1% risk of failure)
Confirm with . or Enter, or press ? or * to list all spells.
A guardian golem appears, shielding your allies.
The komodo dragon bites you!!
* * * LOW HITPOINT WARNING * * *
The komodo dragon attacks as you move away!
The komodo dragon bites you!!
You die...
Your body crumbles into a pile of gold.

##.....###.##..#
#.....#.#..8..#
#.......#.....#
+...8...'..>.8#
#.......#.....#
#.##.##.##.8.####### .
##.....###..##.##..###...
..#.+###.................
#..#....#.......@l.......
..#.....#.......9........
..#......................
..#.8....................
......#..................
..#...#..#...............
##......##...........[...
.##+#..# #.....##.P#.P...
.# ..


You could see a komodo dragon (ally target) and a friendly guardian golem
(summoned).

Vanquished Creatures
  Harold (Lair:1)
  A cane toad (Lair:1)
  Prince Ribbit (D:6)
  A blink frog (Lair:1)
  A dream sheep (D:7)
  2 steam dragons (D:8)
  2 ice beasts (D:8)
  2 sky beasts (D:7)
  A centaur (D:6)
  Dowan (D:4)
  A howler monkey (D:6)
  An orc priest (D:6)
  5 iguanas
  A gnoll (D:2)
  3 adders
  A river rat (Sewer)
  A white imp (D:5)
  A worm (D:3)
  4 orcs
  2 bats
  3 giant cockroaches
  3 goblins
  9 hobgoblins
  A ball python (Sewer)
  3 frilled lizards
  7 kobolds
  11 rats
70 creatures vanquished.

Vanquished Creatures (collateral kills)
  Pikel (D:4)
  A rime drake (D:8)
  4 blink frogs
  A dream sheep (D:7)
  Eustachio (D:6)
  A wyvern (D:8)
  2 steam dragons
  Menkaure (D:4)
  Edmund (D:4)
  2 black bears
  2 ice beasts (D:8)
  2 ogres (D:6)
  2 wolves (D:8)
  A centaur (D:5)
  A lemure (D:4)
  3 kobold brigands
  A gnoll sergeant (D:8)
  3 scorpions
  A lava snake (D:8)
  2 hounds
  A gnoll bouda (D:7)
  2 jellies
  2 iguanas
  6 gnolls
  2 river rats
  3 adders
  A shadow imp (D:6)
  A white imp (D:4)
  3 worms
  12 orcs
  9 ball pythons
  3 endoplasms
  A giant cockroach (D:2)
  3 hobgoblins
  16 kobolds
  2 quokkas
  3 bats
  4 frilled lizards
  5 goblins
  17 rats
129 creatures vanquished.

Vanquished Creatures (others)
  A cane toad (Lair:1)
  A komodo dragon (Lair:1)
  5 blink frogs (Lair:1)
  2 wyverns (Lair:1)
  Duvessa (D:4)
  An ice beast (D:8)
  2 black bears
  2 wolves (D:8)
  A bullfrog (D:8)
  2 fungi (Lair:1)
  2 plants (Lair:1)
20 creatures vanquished.

Grand Total: 219 creatures vanquished

Notes
Turn   | Place    | Note
-------+----------+-------------------------------------------
     0 | D:1      | NotreDorf the Mummy Summoner began the quest for the Orb.
     0 | D:1      | Reached XP level 1. HP: 13/13 MP: 4/4
   168 | D:1      | Reached skill level 3 in Spellcasting
   346 | D:1      | Reached XP level 2. HP: 8/20 MP: 3/6
   351 | D:1      | Learned a level 2 spell: Call Imp
   431 | D:1      | Reached skill level 1 in Fighting
  1186 | D:2      | Gained mutation: You are in touch with the powers of death.
                  | [Mummy growth]
  1186 | D:2      | Reached XP level 3. HP: 25/26 MP: 5/7
  1431 | D:2      | Reached XP level 4. HP: 25/33 MP: 4/9
  1988 | D:2      | Learned a level 3 spell: Call Canine Familiar
  2104 | D:3      | Reached skill level 4 in Spellcasting
  2117 | D:3      | Found a glowing drain.
  2134 | Sewer    | Entered a sewer
  2169 | Sewer    | Noticed a kobold brigand
  2197 | Sewer    | Killed a kobold brigand
  2198 | Sewer    | Reached XP level 5. HP: 25/39 MP: 3/11
  2456 | Sewer    | Reached XP level 6. HP: 47/47 MP: 10/13
  2480 | Sewer    | Reached skill level 5 in Spellcasting
  3596 | D:3      | Learned a level 3 spell: Summon Guardian Golem
  3659 | D:4      | Noticed Edmund
  3684 | D:4      | Killed Edmund
  3685 | D:4      | Reached XP level 7. HP: 28/53 MP: 1/15
  3922 | D:4      | Reached skill level 1 in Hexes
  4030 | D:4      | Found a staircase to the Ecumenical Temple.
  4039 | D:4      | Reached skill level 5 in Summonings
  4043 | Temple   | Entered the Ecumenical Temple
  4062 | Temple   | Became a worshipper of Gozag Ym Sagoz the Greedy
  4177 | D:4      | Noticed Pikel
  4286 | D:4      | Killed Pikel
  4287 | D:4      | Reached skill level 6 in Spellcasting
  4287 | D:4      | Reached XP level 8. HP: 50/61 MP: 4/18
  4443 | D:4      | Reached skill level 5 in Fighting
  4469 | D:4      | Noticed Dowan
  4472 | D:4      | Noticed Duvessa
  4485 | D:4      | Killed Dowan
  4490 | D:4      | Killed Duvessa
  4626 | D:4      | Reached skill level 7 in Spellcasting
  4886 | D:4      | Noticed Menkaure
  4918 | D:4      | Killed Menkaure
  5081 | D:5      | Entered Level 5 of the Dungeon
  6062 | D:6      | Reached XP level 9. HP: 22/69 MP: 9/20
  6267 | D:6      | Noticed Eustachio
  6285 | D:6      | Reached skill level 8 in Spellcasting
  6418 | D:6      | Found Joycocs's Armour Emporium.
  6770 | D:6      | Killed Eustachio
  6795 | D:6      | Noticed Prince Ribbit
  6814 | D:6      | Killed Prince Ribbit
  7013 | D:6      | Learned a level 2 spell: Blink
  7018 | D:6      | Learned a level 4 spell: Summon Lightning Spire
  7241 | D:7      | Reached skill level 1 in Air Magic
  7310 | D:7      | Found a stormy altar of Qazlal.
  7414 | D:7      | Reached skill level 9 in Spellcasting
  8208 | D:8      | Reached XP level 10. HP: 45/79 MP: 12/23
  8417 | D:8      | Found a sparkling altar of Nemelex Xobeh.
  8489 | D:8      | Found a staircase to the Lair.
  8839 | D:8      | Identified the +1 sling of Sloth {drain, Str+5}
  9178 | D:8      | Learned a level 4 spell: Anguish
  9192 | Lair:1   | Entered Level 1 of the Lair of Beasts
  9201 | Lair:1   | Noticed a cane toad
  9217 | Lair:1   | Killed a cane toad
  9218 | Lair:1   | Reached skill level 5 in Hexes
  9222 | Lair:1   | Reached skill level 1 in Translocations
  9225 | Lair:1   | HP: 1/80 [blink frog (15)]
  9235 | D:8      | HP: 1/80 [blink frog (3)]
  9624 | Lair:1   | Noticed Harold
  9634 | Lair:1   | Noticed a cane toad
  9645 | Lair:1   | Killed a cane toad
  9647 | Lair:1   | Noticed Erica
  9649 | Lair:1   | Killed Harold
  9650 | Lair:1   | Reached XP level 11. HP: 34/86 MP: 4/24
  9657 | Lair:1   | Noticed Fannar
  9664 | Lair:1   | Noticed an oklob plant
  9921 | Lair:1   | Slain by a komodo dragon

Illustrated notes

Levels and vault maps discovered:
D:1:      dpeg_arrival_pits, layout_loops_ring
D:2:      layout_basic
D:3:      layout_basic, lightli_sewer_entry_pipes
D:4:      layout_basic, minmay_temple_entry_statues_fountains,
          hangedman_abyss_or_decor_jellyfish_corner, hex_tiny, uniq_duvessa,
          uniq_pikel, uniq_edmund, uniq_menkaure
D:5:      layout_cave_pools, minmay_misc_feat_alley, minmay_door_square
D:6:      layout_basic, nicolae_take_the_stairs, lightli_corner_chamber,
          uniq_prince_ribbit1, uniq_eustachio
D:7:      layout_cave_pools, lemuel_crystal_altar, dreamdust_gnoll_shepherd
D:8:      layout_loops_cross, nicolae_overflow_two_pavilions,
          hellmonk_lair_entry_icy
Temple:   hellmonk_temple_of_storms
Lair:1:   layout_regular_city, pdpol_lair_cavern_descent, grunt_megastairs_1,
          uniq_harold, uniq_erica, uniq_fannar

Skill      XL: |  1  2  3  4  5  6  7  8  9 10 11 |
---------------+----------------------------------+-----
Spellcasting   | 3 4 5 6 7 9 |  9.9
Fighting       | 1 2 3 4 6 7 |  7.9
Summonings     | 4 5 6 7 8 |  8.3
Hexes          | 2 4 6 |  6.1
Air Magic      | 2 4 |  4.7
Translocations | 2 3 |  3.2
Dodging        | |  1.5
Stealth        | |  1.5

Action                     |  1- 3 |  4- 6 |  7- 9 | 10-12 || total
---------------------------+-------+-------+-------+-------++-------
  Melee: Flail             |    40 |   114 |   123 |       ||   277
         Punch             |       |     3 |     1 |       ||     4
         Long sword        |       |       |    10 |    76 ||    86
   Cast: Summon Small Mamm |    48 |    50 |    52 |    16 ||   166
         Call Imp          |     1 |    18 |    38 |     9 ||    66
         Call Canine Famil |       |     2 |    36 |    13 ||    51
         Summon Guardian G |       |       |     6 |     9 ||    15
         Summon Lightning  |       |       |       |     3 ||     3
         Blink             |       |       |       |     1 ||     1
 Invoke: Potion Petition   |       |       |     1 |     1 ||     2
    Use: Scroll            |       |       |    10 |     3 ||    13
   Stab: Sleeping          |       |     1 |     1 |       ||     2
         Distracted        |       |     1 |     3 |     2 ||     6
 Armour: Robe              |    15 |    58 |     3 |       ||    76
         Leather armour    |       |       |   102 |    45 ||   147
  Dodge: Dodged            |    30 |   106 |   150 |    45 ||   331

Table legend: (Time is in decaauts)
 A = Elapsed time spent in this place.
 B = Non-inter-level travel time spent in this place.
 C = Inter-level travel time spent in this place.
 D = Time resting spent in this place.
 E = Time spent auto-exploring this place.
 F = Levels seen in this place.
 G = Mean time per level.
                   A        B        C        D        E       F      G
               +--------+--------+--------+--------+--------+-----+--------+
         Total |  10106 |   9824 |    282 |    685 |   6164 |  11 |  918.7 |
       Dungeon |   9052 |   8788 |    264 |    599 |   5681 |   8 | 1131.5 |
        Temple |     37 |     19 |     18 |      0 |      0 |   1 |   37.0 |
          Lair |    309 |    309 |      0 |     36 |     90 |   1 |  309.0 |
         Sewer |    705 |    705 |      0 |     50 |    393 |   1 |  705.0 |
               +--------+--------+--------+--------+--------+-----+--------+

Top non-repeatable levels by time:
     D:8: 1592 daAuts
     D:6: 1499 daAuts
     D:4: 1382 daAuts
     D:2: 1194 daAuts
     D:3: 1064 daAuts
     D:7: 887 daAuts
     D:1: 825 daAuts
   Sewer: 705 daAuts
     D:5: 607 daAuts
  Lair:1: 309 daAuts
  Temple: 37 daAuts
